 Dungeon Crawl Stone Soup version 0.26.0-10-g1f06aea511 (webtiles) character file.

Game seed: 15419893609231170717

8 MajorAdolf the Gusty (level 2, 0/37 HPs)
             Began as a Naga Wanderer on Jan 16, 2021.
             Slain by a jackal (1 damage)
             ... on level 1 of the Dungeon.
             The game lasted 00:00:24 (247 turns).

MajorAdolf the Gusty (Naga Wanderer)                 Turns: 247, Time: 00:00:24

Health: 0/37       AC:  1    Str: 15    XL:     2   Next: 8%
Magic:  5/5        EV:  9    Int: 10    God:
Gold:   0          SH:  0    Dex: 11    Spells: 5/5 levels left

rFire    . . .     SeeInvis +   a - +2 dagger
rCold    . . .     Faith    .   (no shield)
rNeg     . . .     Spirit   .   e - +0 robe
rPois    +         Reflect  .   (no helmet)
rElec    .         Harm     .   (no cloak)
rCorr    .         Rampage  .   (no gloves)
Will     .....                  (no barding)
Stlth    ..........             (no amulet)
HPRegen  0.12/turn              (no ring)
MPRegen  0.09/turn              (no ring)

@: berserking, quick
A: large, see invisible, deformed body, poison resistance, slowness 2, spit
poison 1, AC +0
a: Spit Poison


You were on level 1 of the Dungeon.
You visited 1 branch of the dungeon, and saw 1 of its levels.

Inventory:

Hand Weapons
 a - a +2 dagger (weapon)
Armour
 e - a +0 robe (worn)


   Skills:
 - Level 1.0 Fighting
 + Level 1.6 Short Blades
 - Level 1.0 Axes
 - Level 1.0 Armour
 - Level 1.5 Stealth
 - Level 2.0 Spellcasting
 - Level 3.0 Air Magic
 - Level 1.0 Evocations


You had 5 spell levels left.
You didn't know any spells.
Your spell library contained the following spells:

 Spells                   Type           Power        Failure   Level
 Shock                    Conj/Air       16%          17%         1
 Sting                    Tmut/Pois      4%           30%         1
 Mephitic Cloud           Conj/Pois/Air  3%           52%         3
 Ignite Poison            Fire/Tmut/Pois 1%           67%         3


Dungeon Overview and Level Annotations

Branches:
Dungeon (1/15)

Altars:


Innate Abilities, Weirdness & Mutations

You cannot wear boots.
Your serpentine skin is tough. (AC +0)
You have supernaturally acute eyesight. (SInv)
Armour fits poorly on your strangely shaped body.
Your system is resistant to poisons. (rPois)
You cover ground very slowly.
You can spit poison.


Message History

You hit the jackal.
You kill the jackal!
You have reached level 2!
The jackal bites you.
* * * LOW HITPOINT WARNING * * *
A red film seems to cover your vision as you go berserk!
You feel yourself moving faster!
You feel mighty! The jackal bites you.
* * * LOW HITPOINT WARNING * * *
The jackal bites you but does no damage.
You puncture the jackal!
You kill the jackal!
You have got your breath back.
The jackal closely misses you. The jackal bites you.
* * * LOW HITPOINT WARNING * * *
You closely miss the jackal. You hit the jackal but do no damage.
The jackal barely misses you.
You hit the jackal.
The jackal is almost dead.
The jackal bites you.
You die...

#....##### ..#.
#....'.... .#. #...)#####
..###### #####......#
##...... #..........#
#...... #.######...#
#..... #.# #...#
#....#########.######...#
#......ggh@.............#
#....#########.......#'##
........## #.......#.#
..#.#.... #########.# ..
#.#### #.# ## ... #.#
.>#. #.# #### ###.# #.#.#


You could see a jackal, a hobgoblin and a goblin.

Vanquished Creatures
  A goblin (D:1)
  A hobgoblin (D:1)
  3 jackals (D:1)
  2 rats (D:1)
7 creatures vanquished.

Notes
Turn   | Place    | Note
-------+----------+-------------------------------------------
     0 | D:1      | MajorAdolf the Naga Wanderer began the quest for the Orb.
     0 | D:1      | MajorAdolf set off with the following items: a +2 dagger, a
                  | potion of berserk rage, a +0 robe; and the following spells
                  | available to memorise: Shock, Sting, Mephitic Cloud, Ignite
                  | Poison
     0 | D:1      | Reached XP level 1. HP: 18/18 MP: 3/3
   121 | D:1      | Reached skill level 1 in Short Blades
   241 | D:1      | Reached XP level 2. HP: 4/25 MP: 5/5
   244 | D:1      | HP: 1/37 [jackal (2)]
   247 | D:1      | Slain by a jackal

Illustrated notes

Levels and vault maps discovered:
D:1:      minmay_arrival_solitary_statue, layout_basic

Skill      XL: |  1 |
---------------+----+-----
Short Blades   | 1 |  1.6
Fighting       | |  1.0
Axes           | |  1.0
Armour         | |  1.0
Stealth        | |  1.5
Spellcasting   | |  2.0
Air Magic      | |  3.0
Evocations     | |  1.0

Action                   || total
-------------------------++-------
Melee: Dagger            ||    19
 Abil: Spit Poison       ||     3
  Use: Potion            ||     1
Armor: Robe              ||     2
Dodge: Dodged            ||    17
